 Dungeon Crawl Stone Soup version 0.27-a0-1272-g7c8ad2e407 (webtiles) character file.

Game seed: 12962518409887614493

982 DasRunzen the Slasher (level 7, -23/59 HPs)
             Began as a Demigod Gladiator on June 10, 2021.
             Annihilated by a shadow (28 damage)
             ... on level 6 of the Dungeon on June 11, 2021.
             The game lasted 00:08:24 (7738 turns).

DasRunzen the Slasher (Demigod Gladiator)           Turns: 7738, Time: 00:08:24

Health: -23/59     AC:  4    Str: 19    XL:     7   Next: 64%
Magic:  23/23      EV: 13    Int: 16    God:
Gold:   214        SH:  0    Dex: 15    Spells: 12/12 levels left

rFire    . . .     SeeInvis .   a - +2 long sword
rCold    . . .     Faith    .   (no shield)
rNeg     . . .     Spirit   .   b - +0 leather armour
rPois    .         Reflect  .   c - +0 helmet
rElec    .         Harm     .   (no cloak)
rCorr    .         Rampage  .   (no gloves)
Will     .....                  (no boots)
Stlth    +.........             (no amulet)
HPRegen  0.19/turn              e - ring of magical power
MPRegen  0.18/turn              (no ring)

@: no status effects
A: high mp 1, forlorn, clever 1
a: no special abilities


You were on level 6 of the Dungeon.
You visited 1 branch of the dungeon, and saw 6 of its levels.

You collected 214 gold pieces.

Inventory:

Hand Weapons
 a - a +2 long sword (weapon)
Missiles
 d - 3 throwing nets (quivered)
Armour
 b - a +0 leather armour (worn)
 c - a +0 helmet (worn)
 h - a +0 tower shield of protection
Jewellery
 e - a ring of magical power (left hand)
Wands
 n - a wand of acid (12)
Scrolls
 g - 2 scrolls of summoning
 m - a scroll of fear {unknown}
Potions
 f - a potion of flight
 i - a potion of degeneration {unknown}
 j - 3 potions of lignification {unknown}
 k - a potion of might {unknown}
 l - a potion of ambrosia {unknown}
 o - 2 potions of brilliance {unknown}
 p - a potion of cancellation {unknown}


   Skills:
 + Level 4.1 Fighting
 + Level 4.5 Long Blades
 - Level 1.7 Throwing
 + Level 3.4 Armour
 + Level 4.5 Dodging
 + Level 3.1 Spellcasting


You had 12 spell levels left.
You didn't know any spells.
Your spell library contained the following spells:

 Spells                   Type           Power      Damage    Failure   Level
 Magic Dart               Conj           8%         1d3       22%         1
 Blink                    Tloc           N/A        N/A       32%         2
 Call Imp                 Summ           2%         N/A       32%         2
 Slow                     Hex            2%         N/A       32%         2
 Conjure Flame            Conj/Fire      2%         6-21      54%         3
 Mephitic Cloud           Conj/Pois/Air  2%         N/A       54%         3


Dungeon Overview and Level Annotations

Branches:
Dungeon (6/15)             Temple (0/1) D:5


Innate Abilities, Weirdness & Mutations

Your attributes grow dramatically as you level up.
You have an increased reservoir of magic. (+10% MP)
You shall have no god before yourself.
Your mind is acute. (Int +2)


Message History

There is an open door here.
j - 3 emerald potions (gained 2)
You open the door.
A shadow comes into view.
A shadow is nearby!
You hit the shadow but do no damage. The shadow misses you.
You barely miss the shadow. The shadow barely misses you.
You closely miss the shadow. The shadow hits you.
You hit the shadow but do no damage. The shadow hits you!
You closely miss the shadow. The shadow closely misses you.
The shadow hits you.
You closely miss the shadow. The shadow hits you.
You slash the shadow!
The shadow is moderately damaged.
The shadow hits you!
You barely miss the shadow.
The shadow is moderately damaged.
The shadow slips into darkness.
The shadow flickers and vanishes!
Deactivating autopickup; reactivate with Ctrl-A.
No target in view!
No target in view!
No target in view!
You hit something.
The shadow strikes at you from the darkness!
* * * LOW HITPOINT WARNING * * *
Reactivating autopickup.
You closely miss the shadow.
The shadow is heavily damaged.
The shadow barely misses you. The shadow hits you.
* * * LOW HITPOINT WARNING * * *
You hit the shadow.
The shadow is heavily damaged.
The shadow hits you!
* * * LOW HITPOINT WARNING * * *
The shadow slips into darkness.
The shadow flickers and vanishes!
Deactivating autopickup; reactivate with Ctrl-A.
The shadow strikes at you from the darkness!
You die...

#8.8# ##.## ##.## #8.8#
##.## ##.## #8.8#
##{################
#8##8##@##8##8##8##....#
..................'....#
#8##8##.##8##8##8##...†#
#####.###########....#
#..#8.8 ###......
#..##.# #........
#..##.# #.###.##.
#.###.# #.# #.##. #.#
8.8 #+## #.# #....


There were no monsters in sight!

Vanquished Creatures
  Eustachio (D:4)
  An ice beast (D:5)
  An ogre (D:4)
  A bullfrog (D:6)
  2 scorpions
  A water moccasin skeleton (D:4)
  2 centaur zombies
  4 hounds
  An iguana (D:4)
  12 adders
  3 gnolls
  An adder skeleton (D:4)
  2 worms
  A dart slug (D:1)
  6 orcs
  8 endoplasms
  A giant cockroach (D:2)
  6 goblins
  4 hobgoblins
  4 jackals
  4 kobolds
  5 quokkas
  3 ball pythons
  8 bats
  2 frilled lizards (D:2)
  4 rats
88 creatures vanquished.

Notes
Turn   | Place    | Note
-------+----------+-------------------------------------------
     0 | D:1      | DasRunzen the Demigod Gladiator began the quest for the
                  | Orb.
     0 | D:1      | Reached XP level 1. HP: 17/17 MP: 3/3
   196 | D:1      | Reached XP level 2. HP: 22/24 MP: 4/4
   924 | D:1      | Reached XP level 3. HP: 26/29 MP: 6/6
   967 | D:1      | Reached skill level 1 in Armour
  1129 | D:2      | Reached skill level 1 in Spellcasting
  2158 | D:3      | Reached XP level 4. HP: 23/37 MP: 8/8
  3061 | D:3      | Reached XP level 5. HP: 10/44 MP: 8/10
  4005 | D:4      | Noticed an ogre
  4016 | D:4      | Killed an ogre
  4017 | D:4      | Reached XP level 6. HP: 26/51 MP: 10/12
  4299 | D:4      | Upgraded the game from 0.27-a0-1248-g57ac2eb73c to
                  | 0.27-a0-1272-g7c8ad2e407
  4861 | D:4      | Noticed Eustachio
  4869 | D:4      | Gained mutation: You sometimes lose the ability to read
                  | scrolls when taking damage. [potion of mutation]
  4869 | D:4      | Gained mutation: You are dopey. (Int -2) [potion of
                  | mutation]
  5514 | D:4      | Killed Eustachio
  5892 | D:5      | Entered Level 5 of the Dungeon
  6058 | D:5      | Reached XP level 7. HP: 57/57 MP: 14/14
  6767 | D:5      | Found a staircase to the Ecumenical Temple.
  7404 | D:5      | Lost mutation: You sometimes lose the ability to read
                  | scrolls when taking damage. [potion of mutation]
  7404 | D:5      | Lost mutation: You are dopey. (Int -2) [potion of mutation]
  7404 | D:5      | Gained mutation: Your mind is acute. (Int +2) [potion of
                  | mutation]
  7718 | D:6      | Noticed a shadow
  7738 | D:6      | Annihilated by a shadow

Illustrated notes

Levels and vault maps discovered:
D:1:      mainiacjoe_arrival_reflecting_pool, layout_basic
D:2:      layout_basic, basic_ecumenical_altar, grunt_ministairs_9
D:3:      layout_loops_ring, kennysheep_small_spiral
D:4:      layout_basic, kennysheep_orc_sif_temple, minivault_5,
          columned_hall_lemuel, uniq_eustachio
D:5:      layout_rooms, lemuel_doored_altar, grunt_dithmenos_smoke_and_mirrors,
          minmay_temple_entry_poolview
D:6:      layout_loops_corners, lemuel_crystal_altar, lemuel_tele_altar,
          dk_noncrumbling_2, serial_park_tiny_1

Skill      XL: |  1  2  3  4  5  6  7 |
---------------+----------------------+-----
Fighting       | 2 3 4 |  4.1
Dodging        | 3 4 |  4.5
Armour         | 1 2 3 |  3.4
Long Blades    | 3 4 |  4.5
Spellcasting   | 1 2 3 |  3.1
Throwing       | |  1.7

Action                   |  1- 3 |  4- 6 |  7- 9 || total
-------------------------+-------+-------+-------++-------
Melee: Long sword        |   169 |   143 |    75 ||   387
  Use: Scroll            |     4 |     8 |     1 ||    13
       Potion            |       |     1 |     2 ||     3
 Stab: Sleeping          |       |     1 |       ||     1
Armor: Leather armour    |    83 |    42 |    18 ||   143
Dodge: Dodged            |   162 |   129 |    60 ||   351
       Rpst.: Long sword |    54 |    41 |    10 ||   105

Table legend: (Time is in decaauts)
 A = Elapsed time spent in this place.
 B = Non-inter-level travel time spent in this place.
 C = Inter-level travel time spent in this place.
 D = Time resting spent in this place.
 E = Time spent auto-exploring this place.
 F = Levels seen in this place.
 G = Mean time per level.
                   A        B        C        D        E       F      G
               +--------+--------+--------+--------+--------+-----+--------+
         Total |   7837 |   7691 |    146 |   1712 |   4949 |   6 | 1306.2 |
       Dungeon |   7837 |   7691 |    146 |   1712 |   4949 |   6 | 1306.2 |
               +--------+--------+--------+--------+--------+-----+--------+

Top non-repeatable levels by time:
     D:4: 2522 daAuts
     D:3: 1684 daAuts
     D:5: 1172 daAuts
     D:1: 1088 daAuts
     D:2: 1073 daAuts
     D:6: 297 daAuts
